 Dungeon Crawl Stone Soup version 0.32-a0-520-g344ed53f66 (webtiles) character file.

Game seed: 8908344270148731001

73 retardedninja the Trooper (level 4, -8/40 HPs)
             Began as a Mountain Dwarf Fighter on Feb 27, 2024.
             Killed by divine providence
             ... invoked by an orc priest
              (12 damage)
             ... on level 3 of the Dungeon.
             The game lasted 00:02:42 (1308 turns).

retardedninja the Trooper (Mountain Dwarf Fighter)  Turns: 1308, Time: 00:02:42

Health: -8/40      AC:  9    Str: 21    XL:     4   Next: 8%
Magic:  4/4        EV:  8    Int:  8    God:
Gold:   99         SH:  4    Dex:  9    Spells: 3/3 levels left

rFire   . . .        a - +0 war axe
rCold   . . .        c - +0 buckler
rNeg    . . .        l - +0 chain mail
rPois   .            (no helmet)
rElec   .            (no cloak)
rCorr   .            (no gloves)
SInv    .            (no boots)
Will    .....        (no amulet) Stlth
                     (no ring)
HPRegen 0.26/turn    (no ring)
MPRegen 0.09/turn

%: no passive effects
@: mighty
A: runic magic, artefact enchanting
a: Convert to Beogh


You were on level 3 of the Dungeon.
You visited 1 branch of the dungeon, and saw 3 of its levels.

You collected 99 gold pieces.

Inventory:

Hand Weapons
 a - a +0 war axe (weapon)
Missiles
 o - 4 javelins (quivered)
Armour
 b - a +0 scale mail
 c - a +0 buckler (worn)
 l - a +0 chain mail (worn)
Jewellery
 n - a ring of protection from fire
Scrolls
 f - 2 scrolls of vulnerability
 i - a scroll of silence {unknown}
 k - a scroll of butterflies {unknown}
 m - a scroll of fear {unknown}
 q - a scroll of enchant armour {unknown}
Potions
 e - a potion of brilliance
 g - a potion of magic
 p - 2 potions of degeneration {unknown}


   Skills:
 + Level 4.0 Fighting
 + Level 3.3 Axes
 + Level 4.0 Armour
 + Level 3.9 Shields


You had 3 spell levels left.
You didn't know any spells.
Your spell library was empty.

Dungeon Overview and Level Annotations

Branches:
Dungeon (3/15)

Altars:
Kikubaaqudgha


Innate Abilities, Weirdness & Mutations

Your spellcasting is much less encumbered by armour.
You can use scrolls of enchantment on lesser artefacts.


Message History

Something hits you but does no damage.
You closely miss something. Something hits you but does no damage.
You miss something.
Something hits you but does no damage. x2
You miss something. Something hits you but does no damage.
You slash something! Something hits you but does no damage.
You barely miss something.
Reactivating autopickup.
An orc wizard appears from thin air!
The orc wizard hits you with a +0 dagger.
The orc wizard closely misses you.
You slash the orc wizard!
You kill the orc wizard!
The orc hits you but does no damage.
Your Fighting skill increases to level 4!
You have reached level 4!
You feel stronger.
You closely miss the orc. The orc barely misses you.
You barely miss the orc. The orc barely misses you.
The orc hits you but does no damage.
You slash the orc!
You kill the orc!
The bat hits you but does no damage. x2
The orc priest calls down the wrath of Beogh upon you.
Beogh smites you!
* * * LOW HITPOINT WARNING * * *
Your Armour skill increases to level 4!
You feel better. The bat hits you but does no damage. The bat misses you.
You slice the bat!!
You kill the bat!
The orc priest shouts, "Beogh offers mercy even to people such as you.
Join us and be reborn!"
The orc priest calls down the wrath of Beogh upon you.
Beogh smites you!
* * * LOW HITPOINT WARNING * * *
The orc priest hits you with a +0 hand axe.
* * * LOW HITPOINT WARNING * * *
Items here: )) [ †.
You closely miss the orc priest.
The orc priest calls down the wrath of Beogh upon you.
Beogh smites you!
You die...

...# #....#.## ####
##.#.##.#
####...#.#.#
#######.......#..#
...............###
#...........##
#.###.##...##
#.###.#########
#..........@o.#
#####..######.#######
##.# #........ #.#
#..###### #.# #..#
#.# #..# #.# #..# #.#
#.o# #o.#


You could see an orc priest.

Vanquished Creatures
  An orc wizard (D:3)
  A dart slug (D:1)
  A ribbon worm (D:3)
  An orc (D:3)
  3 ball pythons
  4 endoplasms
  3 goblins
  5 hobgoblins
  2 jackals (D:3)
  2 quokkas
  8 bats
  3 frilled lizards
  4 kobolds
  5 rats
43 creatures vanquished.

Notes
Turn   | Place    | Note
-------+----------+-------------------------------------------
     0 | D:1      | retardedninja the Mountain Dwarf Fighter began the quest
                  | for the Orb.
     0 | D:1      | Reached XP level 1. HP: 19/19 MP: 1/1
   204 | D:1      | Reached XP level 2. HP: 26/26 MP: 2/2
   736 | D:2      | Reached XP level 3. HP: 31/33 MP: 3/3
   867 | D:2      | Found an ancient bone altar of Kikubaaqudgha.
  1302 | D:3      | Reached XP level 4. HP: 21/40 MP: 4/4
  1308 | D:3      | Killed from afar by an orc priest

Illustrated notes

Levels and vault maps discovered:
D:1:      spicycebolla_arrival_ecumenical, layout_loops_ring,
          minmay_misc_feat_nine_boxes
D:2:      layout_rooms, basic_altar
D:3:      layout_loops_ring, nicolae_qazlal_eye_of_the_storm, uniq_grinder,
          uniq_crazy_yiuf_cottage

Skill      XL: |  1  2  3  4 |
---------------+-------------+-----
Axes           | 3 |  3.3
Fighting       | 4 |  4.0
Armour         | 4 |  4.0
Shields        | |  3.9

Action                     |  1- 3 |  4- 6 || total
---------------------------+-------+-------++-------
  Melee: War axe           |   131 |     5 ||   136
    Use: Scroll            |     5 |       ||     5
         Potion            |     2 |     1 ||     3
 Armour: Scale mail        |    26 |       ||    26
         Chain mail        |   101 |     5 ||   106
  Dodge: Dodged            |    62 |     3 ||    65
  Block: Buckler           |    25 |       ||    25

Table legend: (Time is in decaauts)
 A = Elapsed time spent in this place.
 B = Non-inter-level travel time spent in this place.
 C = Inter-level travel time spent in this place.
 D = Time resting spent in this place.
 E = Time spent auto-exploring this place.
 F = Levels seen in this place.
 G = Mean time per level.
                   A        B        C        D        E       F      G
               +--------+--------+--------+--------+--------+-----+--------+
         Total |   1359 |   1300 |     59 |      0 |    910 |   3 |  453.0 |
       Dungeon |   1359 |   1300 |     59 |      0 |    910 |   3 |  453.0 |
               +--------+--------+--------+--------+--------+-----+--------+

Top non-repeatable levels by time:
     D:1: 572 daAuts
     D:2: 446 daAuts
     D:3: 341 daAuts
